 Dungeon Crawl Stone Soup version 0.27.1-4-g1640c2035a (webtiles) character file.

Game seed: 1892495405582620012

338062 theEndsummarily the Fencer (level 21, 0/171 (188) HPs)
             Began as a Pale Draconian Artificer on Nov 1, 2021.
             Was the Champion of Vehumet.
             Slain by an ancient champion (3 damage)
             ... on level 1 of the Crypt on Nov 12, 2021.
             The game lasted 08:15:40 (55761 turns).

theEndsummarily the Fencer (DrAr)                  Turns: 55761, Time: 08:15:40

HP:   0/171 (188)   AC: 20    Str: 25    XL:     21   Next: 2%
MP:   33/35         EV: 20    Int: 19    God:    Vehumet [******]
Gold: 758           SH:  5    Dex: 14    Spells: 4/41 levels left

rFire    . . .     SeeInvis .   E - +8 triple sword (holy)
rCold    . . .     Faith    .   (shield currently unavailable)
rNeg     . . .     Spirit   .   (armour unavailable)
rPois    +         Reflect  +   (helmet restricted)
rElec    .         Harm     .   P - +2 cloak {rPois}
rCorr    .         Rampage  .   T - +1 pair of gloves
Will     +....                  (no boots)
Stlth    +++++.....             z - amulet of Levity {Reflect Str+2 SH+5}
HPRegen  0.38/turn              a - +4 ring of protection
MPRegen  0.24/turn              D - ring of the Camelopard {Fly Str+6 Dex+4 Slay+5}

@: flying, drained
A: breathe steam, AC +11, unfitting armour, cold-blooded, steam resistance,
clumsy 1
}: 2/15 runes: serpentine, barnacled
a: Breathe Steam, Renounce Religion


You were on level 1 of the Crypt.
You worshipped Vehumet.
Vehumet was exalted by your worship.
You visited 8 branches of the dungeon, and saw 36 of its levels.
You also visited: Ice Cave.

You collected 4809 gold pieces.
You spent 4051 gold pieces at shops.

Inventory:

Hand Weapons
 v - a +5 rapier of electrocution
 E - a +8 triple sword of holy wrath (weapon)
 V - a +4 scimitar of flaming
Missiles
 g - 21 curare-tipped darts (quivered)
 o - 19 silver javelins
Armour
 H - a scarf of invisibility
 P - a +2 cloak of poison resistance (worn)
 T - a +1 pair of gloves (worn)
Jewellery
 a - a +4 ring of protection (left hand)
 i - a +6 ring of intelligence
 j - a ring of positive energy
 z - the amulet of Levity (around neck) {Reflect Str+2 SH+5}
   (You acquired it on level 3 of the Vaults)

   [amulet of reflection]

   It reflects blocked missile attacks.
   Str:       It affects your strength (+2).
   SH:        It affects your SH (+5).
 A - the brooch of Shielding {Spirit SH+8}
   (You took it off a kobold on level 11 of the Dungeon)

   [amulet of guardian spirit]

   It causes incoming damage to be divided between your reserves of health and
   magic.
   SH:        It affects your SH (+8).
 D - the ring of the Camelopard (right hand) {Fly Str+6 Dex+4 Slay+5}
   (You bought it in a shop on level 8 of the Dungeon)

   [ring of strength]

   Str:       It affects your strength (+6).
   Dex:       It affects your dexterity (+4).
   Slay:      It affects your accuracy & damage with ranged weapons and melee
   (+5).
   Fly:       It grants you flight.
 M - the ring of Abstinence {rF+ Slay+2}
   (You bought it in a shop on level 8 of the Dungeon)

   [ring of protection from fire]

   Slay:      It affects your accuracy & damage with ranged weapons and melee
   (+2).
   rF:        It protects you from fire.
 N - an amulet of regeneration
 Q - a ring of protection from cold
 W - a ring of see invisible
Wands
 c - a wand of charming (18)
 d - a wand of digging (10)
 q - a wand of iceblast (42)
 u - a wand of paralysis (19)
 y - a wand of polymorph (37)
 C - a wand of mindburst (66)
 O - a wand of acid (5)
Scrolls
 b - a scroll of fog {unknown}
 f - 2 scrolls of teleportation
 l - 3 scrolls of amnesia
 r - 4 scrolls of blinking
 t - 6 scrolls of silence
 w - 6 scrolls of enchant armour
 I - 3 scrolls of summoning
 J - 6 scrolls of vulnerability
 L - 2 scrolls of magic mapping
 S - a scroll of torment
 X - 4 scrolls of fear
Potions
 e - 11 potions of curing
 k - 10 potions of brilliance
 m - 5 potions of lignification
 n - 7 potions of flight
 s - 6 potions of attraction
 x - 2 potions of berserk rage
 B - 5 potions of might
 F - 4 potions of resistance
 K - 3 potions of mutation
 R - 2 potions of magic
 Z - 4 potions of haste
Miscellaneous
 h - a tin of tremorstones (2/2)
 G - a lightning rod (4/4)
 U - a box of beasts


   Skills:
 + Level 16.3 Fighting
 + Level 16.7 Long Blades
 + Level 15.8 Dodging
 - Level 11.2 Stealth
 - Level 10.6 Spellcasting
 + Level 8.1 Translocations
 * Level 16.7 Air Magic
 - Level 12.7 Evocations


You had 4 spell levels left.
You knew the following spells:

 Your Spells              Type           Power      Damage    Failure   Level
a - Apportation           Tloc           80%        N/A       1%          1
b - Blink                 Tloc           N/A        N/A       1%          2
c - Airstrike             Air            32%        N/A       1%          4
d - Static Discharge      Conj/Air       41%        N/A       1%          2
e - Lesser Beckoning      Tloc           20%        N/A       1%          3
l - Lightning Bolt        Conj/Air       20%        1d35      1%          5
m - Mephitic Cloud        Conj/Pois/Air  31%        N/A       1%          3
p - Summon Lightning Spi  Summ/Air       41%        N/A       2%          4
s - Manifold Assault      Tloc           40%        N/A       7%          5
x - Maxwell's Capacitive  Air            32%        ∞         13%         8

Your spell library contained the following spells:

 Spells                   Type           Power      Damage    Failure   Level
 Chain Lightning          Conj/Air       20%        3d27      100%        9
 Fire Storm               Conj/Fire      5%         8d1       100%        9
 Polar Vortex             Ice            5%         N/A       100%        9
 Magic Dart               Conj           40%        1d5       1%          1
 Searing Ray              Conj           20%        3d3       3%          2
 Ignite Poison            Fire/Tmut/Pois 10%        N/A       6%          3
 Stone Arrow              Conj/Erth      20%        3d8       6%          3
 Animate Skeleton         Necr           20%        N/A       7%          1
 Corona                   Hex            11%        N/A       7%          1
 Pain                     Necr           40%        1d6       7%          1
 Summon Small Mammal      Summ           40%        N/A       7%          1
 Ensorcelled Hibernation  Hex/Ice        20%        N/A       11%         2
 Sublimation of Blood     Necr           5%         N/A       11%         2
 Fulminant Prism          Conj/Hex       5%         3d7       17%         4
 Hailstorm                Conj/Ice       10%        3d5       17%         4
 Call Canine Familiar     Summ           10%        N/A       22%         3
 Spider Form              Tmut/Pois      5%         N/A       22%         3
 Summon Guardian Golem    Hex/Summ       10%        N/A       22%         3
 Vampiric Draining        Necr           5%         2d6       22%         3
 Ice Form                 Ice/Tmut       10%        N/A       56%         4
 Petrify                  Tmut/Erth      10%        N/A       56%         4
 Conjure Ball Lightning   Conj/Air       20%        3x3d6     10%         6
 Summon Forest            Summ/Tloc      12%        N/A       36%         5
 Bolt of Magma            Conj/Fire/Erth 5%         4d5       43%         5
 Irradiate                Conj/Tmut      5%         3d15      43%         5
 Storm Form               Tmut/Air       20%        N/A       88%         7
 Alistair's Intoxication  Tmut/Pois      6%         N/A       89%         5
 Borgnjor's Vile Clutch   Necr/Erth      5%         N/A       89%         5
 Eringya's Noxious Bog    Tmut/Pois      5%         N/A       92%         6
 Invisibility             Hex            5%         N/A       100%        6
 Shadow Creatures         Summ           N/A        N/A       100%        6
 Simulacrum               Ice/Necr       5%         N/A       100%        6
 Summon Hydra             Summ           5%         N/A       100%        7
 Lehudib's Crystal Spear  Conj/Erth      5%         10d3      100%        8
 Shatter                  Erth           5%         3d8*      100%        9
 Animate Armour           Summ/Erth      Unusable   N/A       N/A         4

Dungeon Overview and Level Annotations

Branches:
Dungeon (15/15)            Temple (1/1) D:6            Lair (6/6) D:11
 Shoals (4/4) Lair:4        Snake (4/4) Lair:4        Slime (0/5) Lair:5
    Orc (2/2) D:9             Elf (0/3) Orc:2        Vaults (3/5) D:14
  Crypt (1/3) Vaults:3     Depths (0/5) D:15          IceCv (visited)

Altars:
Ashenzari
Cheibriados
Dithmenos
Elyvilon
Fedhas
Gozag
Hepliaklqana
Kikubaaqudgha
Makhleb
Nemelex Xobeh
Okawaru
Qazlal
Ru
Sif Muna
Trog
Uskayaw
Vehumet
Wu Jian
Xom
Yredelemnul
Zin
The Shining One
Beogh

Shops:
D:8 *=   Orc:1 *   Orc:2 *([:   Shoals:4 !   Snake:3 !?   Vaults:2 (

Annotations:
D:9 3 runed translucent doors, IBeShadow's ghost, journeyman FoHu
D:15 Roxanne
Lair:4 y3s's ghost, journeyman MiBe
Shoals:2 exclusion: kraken
Snake:4 Vashnia
Vaults:3 Xtahua


Innate Abilities, Weirdness & Mutations

You can breathe blasts of scalding, opaque steam.
Your pale cyan-grey scales are hard. (AC +11)
You cannot fit into any form of body armour.
You are cold-blooded and may be slowed by cold attacks.
You are immune to the effects of steam.
You are clumsy. (Dex -2)


Message History

You feel strangely unstable.
The yaktaur wields a +0 arbalest.
The yaktaur shoots a bolt.
The bolt barely misses you.
Press: ? - help, Shift-Dir - straight line You exhale a blast of scalding steam.
As you read the scroll of enchant armour, it crumbles to dust.
Your +0 pair of gloves glows green for a moment.
Your surroundings suddenly seem different.
You have got your breath back.
An ironbound thunderhulk comes into view.
It is wielding a +0 dire flail.
You reach down and close the door.
There is a staircase to the Crypt here.
You fly downwards.
Welcome to the Crypt!
This branch is unnaturally silent, and so sound travels much further.
There is a staircase back to the Vaults here.
You slash the ancient champion!
The ancient champion convulses!
The ancient champion is moderately damaged.
The ancient champion hits you with a +1 great mace of draining!
You feel drained.
You slice the jiangshi!!
The jiangshi convulses!!
You tail-slap the jiangshi.
The jiangshi is severely damaged.
The jiangshi misses you. The jiangshi claws you.
* * * LOW HITPOINT WARNING * * *
The jiangshi draws strength from your injuries!
The jiangshi misses you.
You riposte.
You hit the jiangshi.
The jiangshi convulses.
The jiangshi is almost destroyed.
The jiangshi claws you but does no damage.
The ancient champion hits you with a +1 great mace of draining!!
* * * LOW HITPOINT WARNING * * *
You feel drained.
* * * LOW HITPOINT WARNING * * *
As you read the scroll of holy word, it crumbles to dust.
You speak a Word of immense power!
The jiangshi convulses!
You destroy the jiangshi!
Vehumet accepts your kill.
The ancient champion convulses!
The ancient champion hits you with a +1 great mace of draining!
* * * LOW HITPOINT WARNING * * *
You feel drained.
You die...

#####
##...##
#.#.⌠.⌠.#
#....@..#
#.#.⌠z⌠.#
##...##
#####


You could see an ancient champion (dazed).

Vanquished Creatures
  Saint Roka (Orc:2)
  Jorgrun (Orc:2)
  2 quicksilver dragons (Snake:4)
  A sphinx (Vaults:3)
  Kirke (Snake:1)
  Donald (Vaults:1)
  Ilsuiw (Shoals:3)
  4 nagarajas
  3 orc warlords
  9 vault wardens
  Aizul (Vaults:1)
  A very ugly thing (D:14)
  11 ironbound preservers
  A deep elf annihilator (Vaults:1)
  An entropy weaver (Vaults:1)
  A jiangshi (Crypt:1)
  An eidolon (Vaults:3)
  4 merfolk javelineers (Shoals:4)
  5 merfolk impalers
  A fire dragon (Lair:6)
  Josephine (Lair:5)
  5 yaktaur captains
  A great orb of eyes (Snake:1)
  6 salamander tyrants
  7 vault guards
  4 ironbound thunderhulks
  8 naga warriors
  3 ogre magi
  Erolcha (D:11)
  13 hydras
  A catoblepas (D:13)
  4 alligator snapping turtles
  6 centaur warriors
  5 merfolk aquamancers
  Erica (Lair:1)
  6 boulder beetles
  8 ironbound frosthearts
  15 two-headed ogres
  2 death knights
  4 merfolk avatars
  7 anacondas
  A satyr (Shoals:3)
  An orc high priest (Orc:2)
  An ironbound beastmaster (Vaults:2)
  9 shock serpents
  10 naga sharpshooters
  Sonja (Orc:1)
  A fire crab (Lair:6)
  5 salamander mystics
  9 skeletal warriors
  20 deep trolls
  A sea snake (shapeshifter) (Vaults:2)
  13 sea snakes
  3 naga ritualists
  A glowing orange brain (Vaults:2)
  Pikel (D:4)
  12 ironbound convokers
  4 necromancers
  2 phantasmal warriors
  A wolf spider zombie (D:15)
  25 harpies
  5 wizards
  8 orc knights
  5 lindwurms
  A harpy (shapeshifter) (D:15)
  A deep elf zephyrmancer (D:15)
  3 deep elf pyromancers
  8 mana vipers
  11 manticores
  A wolf spider (shapeshifter) (D:14)
  15 salamanders
  13 ugly things
  3 orc sorcerers (Orc:2)
  7 fauns
  15 merfolk sirens
  7 cyclopes
  5 vault sentinels
  Maurice (D:9)
  12 elephants
  3 guardian serpents (Snake:4)
  41 black mambas
  23 naga magi
  9 water nymphs
  19 cane toads
  3 molten gargoyles (Lair:6)
  2 gargoyles
  Maggie (Lair:2)
  An unseen horror (D:11)
  2 centaur skeletons (D:15)
  4 kobold demonologists
  An efreet (D:13)
  2 freezing wraiths
  Psyche (D:10)
  4 rime drakes
  A tengu conjurer (D:13)
  20 yaktaurs
  17 komodo dragons
  10 trolls
  A meliai (D:9)
  29 merfolk
  7 wind drakes
  3 polar bears
  A wolf spider simulacrum (D:14)
  22 blink frogs
  A hornet (Lair:4)
  20 slime creatures
  7 snapping turtles
  10 dream sheep
  A vampire (D:14)
  A shadow (D:12)
  10 wraiths
  A human (Snake:1)
  A tarantella (Vaults:1)
  2 redbacks (Vaults:1)
  8 water elementals
  A hog (Snake:1)
  41 yaks
  6 wyverns
  4 basilisks
  3 fire bats (Lair:6)
  2 vampire mosquitoes (D:14)
  Grum (Lair:1)
  A steam dragon (Lair:6)
  2 harpy simulacra (IceCv)
  43 nagas
  3 wargs
  2 acid dragons
  3 hell hounds (Lair:6)
  15 water moccasins
  A hornet zombie (D:6)
  2 black bears
  An ice beast (D:14)
  28 orc warriors
  A sky beast (D:5)
  8 ogres
  21 centaurs
  10 boggarts
  26 wolves
  A phantom (D:6)
  5 kobold brigands
  8 bullfrogs
  3 scorpions
  A gnoll sergeant (D:13)
  A wyvern skeleton (D:6)
  18 killer bees
  2 electric eels
  3 wights (D:8)
  A nameless horror (Snake:4)
  4 howler monkeys
  5 lava snakes (Lair:6)
  2 centaur zombies (D:9)
  3 hounds
  5 jellies
  Crazy Yiuf (D:3)
  20 orc priests
  2 bullfrog skeletons
  A gnoll shaman (D:6)
  3 iguanas
  28 orc wizards
  A polar bear simulacrum (Lair:6)
  A statue (D:13)
  5 yak simulacra (Lair:6)
  3 wolf simulacra (Lair:6)
  2 centaur simulacra
  A hound skeleton (D:4)
  Robin (D:3)
  7 gnolls
  7 adders
  A shadow imp (D:8)
  2 white imps
  2 ufetubi (D:14)
  An adder zombie (D:5)
  5 worms
  A dart slug (D:3)
  97 orcs
  4 ball pythons
  8 endoplasms
  2 giant cockroaches
  14 goblins
  10 hobgoblins
  20 kobolds
  A quokka (D:4)
  5 bats
  5 frilled lizards
  8 rats
  2 river rat simulacra (Lair:6)
1248 creatures vanquished.

Vanquished Creatures (collateral kills)
  2 nagarajas (Snake:4)
  A merfolk impaler (Shoals:4)
  A salamander tyrant (Snake:4)
  A merfolk aquamancer (Shoals:1)
  An anaconda (Snake:4)
  2 merfolk avatars
  2 naga sharpshooters
  A salamander mystic (Snake:4)
  2 harpies (Shoals:3)
  A naga ritualist (Snake:4)
  2 mana vipers (Snake:4)
  3 manticores
  4 salamanders (Snake:4)
  A guardian serpent (Snake:4)
  6 naga magi (Snake:4)
  3 black mambas (Snake:4)
  2 merfolk sirens
  2 yaktaurs
  A snapping turtle (Shoals:4)
  A water elemental (Shoals:4)
  A redback (Vaults:1)
  3 nagas (Snake:4)
  An orc warrior (Orc:1)
  An orc priest (D:4)
  An orc (Orc:1)
  A goblin (D:4)
47 creatures vanquished.

Vanquished Creatures (others)
  A yaktaur (Vaults:1)
  A troll (Orc:1)
  4 humans (Snake:1)
  3 ball lightnings (Shoals:3)
  34 fungi
  149 plants
192 creatures vanquished.

Grand Total: 1487 creatures vanquished

Notes
Turn   | Place    | Note
-------+----------+-------------------------------------------
     0 | D:1      | theEndsummarily the Draconian Artificer began the quest for
                  | the Orb.
     0 | D:1      | Reached XP level 1. HP: 16/16 MP: 1/1
    53 | D:1      | Reached skill level 1 in Stealth
   134 | D:1      | Reached XP level 2. HP: 21/23 MP: 2/2
   485 | D:1      | Found a faded altar of an unknown god.
   601 | D:2      | Reached XP level 3. HP: 23/29 MP: 3/3
  1206 | D:2      | Found an ancient bone altar of Kikubaaqudgha.
  1308 | D:2      | Reached XP level 4. HP: 36/36 MP: 4/4
  1718 | D:3      | Noticed Robin
  1739 | D:3      | Killed Robin
  2080 | D:3      | Reached XP level 5. HP: 21/44 MP: 5/5
  2625 | D:3      | Found a runed translucent door.
  2626 | D:3      | Noticed Crazy Yiuf
  2631 | D:3      | Killed Crazy Yiuf
  3126 | D:4      | Reached skill level 1 in Translocations
  3130 | D:4      | Noticed Pikel
  3130 | D:4      | Noticed a lemure
  3131 | D:4      | Noticed a lemure
  3149 | D:4      | Reached XP level 6. HP: 38/51 MP: 6/6
  3159 | D:4      | Killed Pikel
  3490 | D:4      | Your scales start taking on a pale cyan-grey colour.
  3490 | D:4      | Reached skill level 5 in Evocations
  3490 | D:4      | Reached XP level 7. HP: 32/58 MP: 7/7
  3490 | D:4      | Gained mutation: You are immune to the effects of steam.
                  | [Pale Draconian growth]
  3657 | D:4      | Learned a level 2 spell: Blink
  3849 | D:4      | Found a glowing silver altar of Zin.
  4081 | D:5      | Entered Level 5 of the Dungeon
  4300 | D:5      | Found an iron altar of Okawaru.
  4577 | D:5      | Reached skill level 1 in Spellcasting
  4809 | D:6      | Reached XP level 8. HP: 67/67 MP: 10/10
  5448 | D:6      | Reached skill level 1 in Air Magic
  5550 | D:6      | Reached skill level 5 in Fighting
  5715 | D:6      | Found a staircase to the Ecumenical Temple.
  5723 | Temple   | Entered the Ecumenical Temple
  5936 | Temple   | Became a worshipper of Vehumet
  6569 | D:7      | Reached skill level 5 in Dodging
  6569 | D:7      | Reached skill level 5 in Stealth
  6615 | D:7      | Reached XP level 9. HP: 64/74 MP: 13/13
  7315 | D:8      | Found a blossoming altar of Fedhas.
  7334 | D:8      | Found Vuyfiku's Jewellery Emporium.
  7452 | D:8      | Found Loack's General Store.
  7474 | D:8      | Learned a level 2 spell: Static Discharge
  7556 | D:8      | Noticed a troll
  7627 | D:7      | Killed a troll
  7899 | D:8      | Reached * piety under Vehumet
  7899 | D:8      | Offered knowledge of Freeze by Vehumet.
  8711 | D:9      | Noticed Maurice
  8736 | D:9      | Reached XP level 10. HP: 77/84 MP: 16/16
  8747 | D:9      | Killed Maurice
  8845 | D:9      | Reached skill level 5 in Air Magic
  8946 | D:9      | Found a snail-covered altar of Cheibriados.
  9011 | D:9      | Found a runed translucent gate.
  9011 | D:9      | Found a runed translucent gate.
  9011 | D:9      | Found a runed translucent gate.
  9011 | D:9      | Noticed a spectral centaur warrior
  9012 | D:9      | Noticed IBeShadow's ghost (journeyman FoHu)
  9012 | D:9      | Noticed a spectral centaur warrior
  9014 | D:9      | Noticed a spectral centaur warrior
  9154 | D:9      | Reached ** piety under Vehumet
  9155 | D:9      | Offered knowledge of Shock by Vehumet.
  9202 | D:9      | Found a staircase to the Orcish Mines.
  9235 | D:9      | Reached skill level 5 in Spellcasting
  9277 | D:9      | Noticed a white ugly thing
  9277 | D:9      | Noticed a centaur warrior
  9277 | D:9      | Noticed a six-headed hydra
  9277 | D:9      | Noticed a deep elf pyromancer
  9277 | D:9      | Noticed a two-headed ogre
  9312 | D:9      | Killed a two-headed ogre
  9327 | D:9      | Killed a centaur warrior
  9437 | D:9      | Noticed a boulder beetle
  9449 | D:9      | Offered knowledge of Conjure Flame by Vehumet.
  9521 | D:9      | Killed a six-headed hydra
  9522 | D:9      | Reached XP level 11. HP: 55/94 MP: 19/19
  9594 | D:9      | Noticed a boulder beetle
  9602 | D:9      | Killed a white ugly thing
  9671 | D:9      | Killed a deep elf pyromancer
  9762 | D:9      | Killed a boulder beetle
 10053 | D:10     | Entered Level 10 of the Dungeon
 10077 | D:10     | Noticed a two-headed ogre
 10093 | D:10     | Killed a two-headed ogre
 10316 | D:10     | Reached *** piety under Vehumet
 10709 | D:10     | Noticed an ogre mage
 10886 | D:10     | Paralysed by an ogre mage for 4 turns
 10890 | D:10     | Killed an ogre mage
 11273 | D:11     | Noticed Psyche
 11273 | D:11     | Noticed Erolcha
 11328 | D:11     | Noticed a death knight
 11332 | D:11     | Noticed a skeletal warrior
 11340 | D:11     | Killed a death knight
 11341 | D:11     | Noticed a skeletal warrior
 11426 | D:10     | Killed Psyche
 11448 | D:11     | Killed Erolcha
 11505 | D:11     | Noticed a two-headed ogre
 11525 | D:11     | Killed a two-headed ogre
 11628 | D:11     | Offered knowledge of Dazzling Flash by Vehumet.
 11711 | D:11     | Reached XP level 12. HP: 93/104 MP: 22/22
 11845 | D:11     | Found a burning altar of Makhleb.
 11845 | D:11     | Noticed a blizzard demon
 12035 | D:9      | Killed a boulder beetle
 12081 | D:8      | Bought a book of Storms for 384 gold pieces
 12087 | D:8      | Learned a level 5 spell: Lightning Bolt
 12092 | D:8      | Learned a level 4 spell: Airstrike
 12150 | Orc:1    | Entered Level 1 of the Orcish Mines
 12159 | Orc:1    | Noticed Sonja
 12369 | Orc:1    | Killed Sonja
 12370 | Orc:1    | Reached skill level 10 in Evocations
 12451 | Orc:1    | Found Afoollie's General Store.
 12465 | Orc:1    | Bought a scroll of identify for 26 gold pieces
 12513 | Orc:1    | Noticed an orc warlord
 12521 | Orc:1    | Reached **** piety under Vehumet
 12525 | Orc:1    | Offered knowledge of Freezing Cloud by Vehumet.
 12532 | Orc:1    | Killed an orc warlord
 13188 | Orc:2    | Entered Level 2 of the Orcish Mines
 13188 | Orc:2    | Noticed a two-headed ogre
 13233 | Orc:2    | Killed a two-headed ogre
 13365 | Orc:2    | Noticed Jorgrun
 13472 | Orc:2    | Killed Jorgrun
 13613 | Orc:2    | Reached skill level 10 in Fighting
 13675 | Orc:2    | Noticed a two-headed ogre
 13687 | Orc:2    | Killed a two-headed ogre
 13834 | Orc:2    | Reached ***** piety under Vehumet
 13834 | Orc:2    | Offered knowledge of Iskenderun's Battlesphere by Vehumet.
 14101 | Orc:2    | Noticed Saint Roka
 14234 | Orc:2    | Killed Saint Roka
 14235 | Orc:2    | Reached XP level 13. HP: 114/114 MP: 23/25
 14669 | Orc:2    | Reached skill level 1 in Long Blades
 14812 | Orc:2    | Found Pascho's General Store.
 14820 | Orc:2    | Found Zihah's Antique Weapon Boutique.
 14826 | Orc:2    | Found Fuankes's Book Boutique.
 14860 | Orc:2    | Found Noutuloa's Antique Armour Boutique.
 14924 | Orc:2    | Found a staircase to the Elven Halls.
 15958 | D:11     | Found a staircase to the Lair.
 16007 | Lair:1   | Entered Level 1 of the Lair of Beasts
 16318 | Lair:1   | Reached skill level 10 in Stealth
 16687 | Lair:1   | Noticed Grum
 16693 | Lair:1   | Killed Grum
 16841 | Lair:1   | Noticed Erica
 16853 | Lair:1   | Killed Erica
 17488 | Lair:2   | Reached skill level 10 in Air Magic
 17860 | Lair:2   | You fall into a shaft and drop 2 floors!
 17929 | Lair:4   | Found a transporter.
 17943 | Lair:4   | Noticed y3s's ghost (journeyman MiBe)
 18113 | Lair:3   | Learned a level 3 spell: Mephitic Cloud
 18150 | Lair:2   | Identified a scroll of acquirement
 18153 | Lair:2   | Noticed Maggie
 18158 | Lair:2   | Killed Maggie
 18421 | Lair:2   | Reached XP level 14. HP: 124/124 MP: 18/26
 18723 | Lair:2   | Offered knowledge of Lee's Rapid Deconstruction by Vehumet.
 19090 | Lair:2   | Acquired 568 gold pieces
 19445 | D:8      | Bought the ring of the Camelopard {Fly Str+6 Dex+4 Slay+5}
                  | for 1067 gold pieces
 20808 | Lair:4   | Found a staircase to the Shoals.
 20993 | Lair:4   | Reached skill level 10 in Dodging
 21356 | Lair:4   | Found a staircase to the Snake Pit.
 21385 | Lair:4   | You are sucked into a shaft and drop 2 floors!
 21385 | Lair:6   | Entered Level 6 of the Lair of Beasts
 21514 | Lair:5   | Noticed Josephine
 21523 | Lair:5   | Killed Josephine
 21739 | Lair:6   | Reached skill level 5 in Long Blades
 21812 | Lair:6   | Found a large runed translucent door.
 21813 | Lair:6   | Found a large runed translucent door.
 21893 | Lair:6   | Offered knowledge of Iron Shot by Vehumet.
 23123 | Lair:4   | Found a transporter.
 23366 | Lair:4   | Paralysed by a hornet for 2 turns
 23376 | Lair:4   | Identified the +2 trident of Erhaadef {vorpal, rPois rN+
                  | Str+3 Stlth+}
 23522 | Lair:5   | Reached XP level 15. HP: 132/132 MP: 28/28
 23764 | Lair:5   | Found a staircase to the Slime Pits.
 24826 | D:11     | Acquired a +1 triple sword of holy wrath
 25927 | D:12     | Reached skill level 10 in Spellcasting
 26081 | D:13     | Acquired 1135 gold pieces
 26221 | Orc:2    | Bought a manual of Long Blades for 1280 gold pieces
 26898 | D:13     | Found a radiant altar of Vehumet.
 27428 | D:14     | Found a gate to the Vaults.
 27554 | D:14     | Found a frozen archway.
 27574 | IceCv    | Entered an ice cave
 28587 | D:14     | Reached ****** piety under Vehumet
 28600 | D:15     | Entered Level 15 of the Dungeon
 28663 | D:15     | Offered knowledge of Ozocubu's Refrigeration by Vehumet.
 29097 | D:15     | Identified Roxanne's Tome of Clay
 29097 | D:15     | Noticed Roxanne
 29206 | D:15     | Reached XP level 16. HP: 141/141 MP: 30/30
 29220 | D:15     | Found a staircase to the Depths.
 29304 | D:15     | Reached skill level 10 in Long Blades
 29452 | D:15     | Found a hazy altar of Hepliaklqana.
 29647 | D:15     | Found a sacrificial altar of Ru.
 30088 | Snake:1  | Entered Level 1 of the Snake Pit
 30184 | Snake:1  | Noticed Kirke
 30191 | Snake:1  | Killed Kirke
 31092 | Snake:1  | Noticed Louise
 31093 | Snake:1  | Noticed Louise
 31093 | Snake:1  | Louise changed into Louise the great orb of eyes
 31113 | Snake:1  | Killed Louise the great orb of eyes
 32356 | Snake:2  | Offered knowledge of Conjure Ball Lightning by Vehumet.
 32406 | Snake:1  | Learned a level 6 spell: Conjure Ball Lightning
 32656 | D:8      | Bought the ring of Abstinence {rF+ Slay+2} for 444 gold
                  | pieces
 34243 | Snake:3  | Found Necuch's Magic Scroll Shop.
 35693 | Snake:3  | Reached XP level 17. HP: 107/150 MP: 3/31
 36988 | Snake:3  | Found Vecryf's Distillery.
 37218 | Snake:4  | Entered Level 4 of the Snake Pit
 37365 | Snake:4  | Learned a level 4 spell: Summon Lightning Spire
 38523 | Snake:4  | Offered knowledge of Spellforged Servitor by Vehumet.
 38623 | Snake:4  | Noticed Vashnia
 39538 | Snake:4  | Noticed a quicksilver dragon
 39777 | Snake:4  | Noticed a quicksilver dragon
 39781 | Snake:4  | Killed a quicksilver dragon
 40280 | Snake:4  | Reached skill level 15 in Long Blades
 40452 | Snake:4  | Killed a quicksilver dragon
 41338 | Snake:4  | Got a serpentine rune of Zot
 41523 | Lair:4   | Learned a level 3 spell: Lesser Beckoning
 41525 | Shoals:1 | Entered Level 1 of the Shoals
 42061 | Shoals:1 | Identified the +0 helmet of Sym Archa {Regen+ Int+2}
 42587 | Shoals:1 | Offered knowledge of Ignition by Vehumet.
 42595 | Shoals:1 | Reached XP level 18. HP: 95/161 MP: 25/32
 44036 | Shoals:2 | You are sucked into a shaft and drop 1 floor!
 45605 | Shoals:3 | Noticed Ilsuiw
 46080 | Shoals:3 | Killed Ilsuiw
 46958 | Shoals:4 | Entered Level 4 of the Shoals
 47149 | Shoals:4 | Identified the +2 plate armour of the Candlemaker {*Corrode
                  | rC+++ Will- Dex+2}
 47637 | Shoals:4 | Reached skill level 15 in Fighting
 48112 | Shoals:4 | Got a barnacled rune of Zot
 48218 | Shoals:4 | Offered knowledge of Fire Storm by Vehumet.
 48218 | Shoals:4 | Offered knowledge of Chain Lightning by Vehumet.
 48218 | Shoals:4 | Offered knowledge of Polar Vortex by Vehumet.
 48323 | Shoals:4 | Found Guicocor's Distillery.
 48759 | Shoals:4 | Reached skill level 15 in Dodging
 49549 | Shoals:4 | Learned a level 1 spell: Apportation
 49607 | Shoals:4 | Learned a level 8 spell: Maxwell's Capacitive Coupling
 50260 | Vaults:1 | Entered Level 1 of the Vaults
 50502 | Vaults:1 | Noticed Donald
 50520 | Vaults:1 | Killed Donald
 51013 | D:14     | Reached skill level 15 in Air Magic
 51079 | Vaults:1 | Reached XP level 19. HP: 170/170 MP: 33/33
 51133 | Vaults:1 | Noticed Aizul
 51140 | Vaults:1 | Killed Aizul
 52036 | Snake:3  | Bought a potion of experience for 850 gold pieces
 52036 | Snake:3  | Reached XP level 20. HP: 179/179 MP: 34/34
 52043 | Snake:3  | Learned a level 5 spell: Manifold Assault
 53045 | Vaults:1 | Identified the +2 ring mail "Wisout" {rF- rCorr Dex+5
                  | Stlth+}
 54287 | Vaults:2 | Found Moiwn's Weapon Shoppe.
 54323 | Vaults:2 | Gained mutation: You are clumsy. (Dex -2) [a shining eye]
 55021 | Vaults:2 | You are sucked into a shaft and drop 1 floor!
 55175 | Vaults:3 | Acquired the amulet of Levity {Reflect Str+2 SH+5}
 55360 | Vaults:3 | Noticed Xtahua
 55368 | Vaults:3 | Found a staircase to the Crypt.
 55628 | Vaults:3 | Paralysed by a sphinx for 3 turns
 55721 | Vaults:3 | Reached XP level 21. HP: 65/188 MP: 35/35
 55758 | Crypt:1  | Entered Level 1 of the Crypt
 55761 | Crypt:1  | HP: 3/175 [ancient champion (12)]
 55761 | Crypt:1  | Slain by an ancient champion

Illustrated notes

Levels and vault maps discovered:
D:1:      erik_arrival_triangle_large, layout_rooms,
          hellmonk_ecumenical_altar_leap_of_faith
D:2:      minmay_evil_eye, layout_basic, basic_altar
D:3:      layout_loops_cross, minmay_fractal_squares_diagonal_5, uniq_robin,
          uniq_crazy_yiuf_cottage
D:4:      layout_basic, mainiacjoe_overflow_alcove_1, uniq_pikel
D:5:      layout_rooms, okawaru_ov_weapons_minmay
D:6:      layout_basic, minmay_temple_entry_butterflies,
          cheibrodos_sewer_entry_sluice
D:7:      layout_cave_pools, minmay_misc_feat_ornament
D:8:      layout_rooms, fedhas_altar_2, serial_shops, nicolae_shop_statue_plus,
          kennysheep_mini_moat, roderic_roman_lattice
D:9:      layout_loops_corners, mainiacjoe_overflow_tiny_flanked,
          hiddenorc2_lemuel, gammafunk_ghost_necromancy, minmay_misc_feat_rows,
          minivault_28, uniq_maurice
D:10:     layout_basic, kennysheep_island_fort
D:11:     layout_gridville, david_lair_shrubbed, makhleb_altar_promises_db,
          uniq_psyche, uniq_erolcha
D:12:     layout_gridville
D:13:     layout_gridville, minmay_variable_closet, vehumet_statue
D:14:     layout_small_grid, david_vaults_1, serial_ice, serial_ice_d,
          serial_ice_m, serial_ice_c, serial_ice_b,
          portal_ice_cave_entry_pillars_four, columned_hall_lemuel
D:15:     grunt_enter_depths_magical_seal, layout_basic,
          nicolae_ru_sacrificial_ziggurat, nzn_hepliaklqana_mist_gate,
          uniq_roxanne
Temple:   hc_temple_tempest_star
Lair:1:   layout_regular_city, uniq_erica, uniq_grum
Lair:2:   layout_cave_pods, grunt_megastairs_5, uniq_maggie
Lair:3:   layout_roguey, serial_bayou_shore_b, serial_bayou_shore_a
Lair:4:   layout_regular_city, elwin_shoals_entry_rooms,
          guppyfry_snake_entry_island, gammafunk_ghost_hive,
          nicolae_lair_grove_arrangements
Lair:5:   layout_regular_city, nicolae_slime_entry_slimehenge,
          grunt_megastairs_2, uniq_josephine
Lair:6:   cheibrodos_lair_end_hotspot, layout_misc_corridors,
          nicolae_volcano_entry_batcave, eino_house_with_fridge
Shoals:1: layout_shoals, ldierk_geyser, nicolae_shoals_aquamancer_cove
Shoals:2: layout_shoals
Shoals:3: layout_shoals, nicolae_shoals_wave_tunnel, uniq_ilsuiw
Shoals:4: shoals_end_simple, layout_shoals, serial_shops, shop,
          nicolae_shoals_nautilus_by_nature,
          nicolae_shoals_stone_sculpture_thing
Snake:1:  layout_chambers, uniq_louise, uniq_kirke
Snake:2:  layout_chambers, nicolae_snake_double_loop
Snake:3:  nicolae_sea_snake_s, layout_grid_shapes, serial_shops, shop_statue,
          shop
Snake:4:  hellmonk_snake_rune_quicksilver_temple, layout_rooms,
          grunt_ministairs_8, uniq_vashnia
Orc:1:    layout_diamond_mine, serial_shops, nicolae_shop_statue_plus,
          uniq_sonja
Orc:2:    grunt_orc_cross, layout_caves, basic_altar, uniq_jorgrun
Vaults:1: st_lines, ontoclasm_vaults_gateway, ontoclasm_vaults_pinch,
          ontoclasm_vaults_loading_screen, v_misc_16, grunt_vaults_diagonal,
          nicolae_vaults_little_squares_3, nicolae_vaults_little_squares_3,
          layout_vaults_quadrants, uniq_aizul, uniq_donald
Vaults:2: dpeg_vaults_monster_row, nicolae_vaults_ring_of_whatevers,
          hangedman_vaults_snaps, v_alt_pattern_5,
          nicolae_vaults_ring_of_whatevers, v_misc_33,
          ontoclasm_vaults_decontamination, ontoclasm_vaults_ring_small,
          nicolae_vaults_windows_and_doors_thing, v_misc_32,
          nicolae_vaults_specimen_jars, v_misc_19, layout_vaults_ring,
          serial_shops, shop, uniq_margery
Vaults:3: minmay_crypt_entry_simple_corners, nicolae_vaults_network_s,
          ontoclasm_vaults_twist, nicolae_vaults_network_periphery,
          vaults_room_corners, nicolae_vaults_little_ls, v_misc_23,
          ontoclasm_vaults_shuriken, v_misc_19, v_misc_14, v_misc_15,
          vaults_standard_mumra_lines, v_pattern_3, vaults_room_door_hall,
          nicolae_vaults_ring_of_whatevers, layout_vaults_omnibox,
          uniq_bai_suzhen, uniq_asterion, uniq_xtahua, uniq_jory,
          uniq_saint_roka
Crypt:1:  layout_regular_city, fountainhead, grunt_ministairs_11,
          st_vampire_maze

Skill      XL: |  1  2  3  4  5  6  7  8  9 10 11 12 13 14 15 16 17 18 19 20 |
---------------+-------------------------------------------------------------+-----
Stealth        | 1 2 3 4 5 6 7 8 9 10 11 | 11.2
Fighting       | 2 3 4 5 6 7 9 10 11 12 13 14 15 16 | 16.3
Dodging        | 3 4 5 6 7 9 10 11 12 13 15 | 15.8
Evocations     | 4 5 6 7 8 9 10 11 12 | 12.7
Translocations | 1 2 3 6 8 |  8.1
Spellcasting   | 1 3 4 5 6 8 9 10 | 10.6
Air Magic      | 2 4 6 7 9 10 11 12 13 15 16 | 16.7
Long Blades    | 3 5 9 13 15 16 | 16.7

Action                   |  1- 3 |  4- 6 |  7- 9 | 10-12 | 13-15 | 16-18 | 19-21 || total
-------------------------+-------+-------+-------+-------+-------+-------+-------++-------
Melee: Dagger            |    96 |   164 |   255 |   278 |       |       |       ||   793
       Tailslap          |     6 |    28 |    46 |    65 |   140 |   149 |    85 ||   519
       Whip              |       |       |       |    32 |       |       |       ||    32
       Short sword       |       |       |       |   109 |       |       |       ||   109
       Long sword        |       |       |       |       |   173 |       |       ||   173
       Scimitar          |       |       |       |       |   450 |     5 |       ||   455
       Triple sword      |       |       |       |       |    27 |   601 |   393 ||  1021
Throw: Boomerang         |       |     4 |    12 |    10 |       |       |       ||    26
       Dart              |       |       |    25 |    10 |     6 |     3 |       ||    44
 Cast: Static Discharge  |       |       |    17 |    18 |     5 |     3 |       ||    43
       Blink             |       |       |     2 |     9 |    11 |    13 |     2 ||    37
       Airstrike         |       |       |       |    31 |   255 |   618 |    52 ||   956
       Lightning Bolt    |       |       |       |     5 |    13 |     3 |       ||    21
       Mephitic Cloud    |       |       |       |       |    15 |    32 |    17 ||    64
       Summon Lightning  |       |       |       |       |       |    73 |     2 ||    75
       Lesser Beckoning  |       |       |       |       |       |     4 |    14 ||    18
       Apportation       |       |       |       |       |       |     4 |       ||     4
       Conjure Ball Ligh |       |       |       |       |       |     1 |       ||     1
       Manifold Assault  |       |       |       |       |       |       |     7 ||     7
       Maxwell's Capacit |       |       |       |       |       |       |     1 ||     1
 Abil: Breathe Steam     |       |       |    34 |   100 |   145 |   103 |    41 ||   423
Evoke: Wand              |     4 |    12 |     1 |    29 |    19 |    25 |     5 ||    95
       Piece from Xom's  |       |     8 |       |     3 |     2 |       |       ||    13
       Lightning rod     |       |       |       |       |       |     4 |     3 ||     7
       Box of beasts     |       |       |       |       |       |     2 |     1 ||     3
  Use: Scroll            |       |       |     4 |     5 |    17 |    12 |    13 ||    51
       Potion            |       |       |       |       |       |     3 |     6 ||     9
 Stab: Sleeping          |     2 |     3 |     7 |     5 |    21 |    15 |     9 ||    62
       Paralysed         |       |       |       |    13 |       |     6 |     3 ||    22
       Distracted        |       |       |       |       |     3 |     6 |       ||     9
       Confused          |       |       |       |       |     3 |    10 |     9 ||    22
Armor: Skin              |    31 |    43 |   101 |   195 |   205 |   215 |   109 ||   899
Dodge: Dodged            |    53 |    61 |   196 |   349 |   641 |   729 |   354 ||  2383
Block: Other             |       |       |       |       |       |       |     9 ||     9
       Rpst.: Long sword |       |       |       |       |    49 |       |       ||    49
       Scimitar          |       |       |       |       |   115 |       |       ||   115
       Triple sword      |       |       |       |       |     2 |   126 |    58 ||   186
